AoeStats
← KOSOVAR

Arabia

508689476Analyzed
1v1 RM · 10d ago on Sep 23, 2026· 48m 41s· 2 players
Game mode
Random Map
Map size
Tiny (2 player)
Population
200
Speed
Normal
Resources
Standard
Victory
Conquest
Starting age
Dark Age
Ending age
Imperial Age
RankedLock teamsTeams togetherTeam positionsShared explorationLock speedFull tech treeHidden civsTurbo modeCheats
Victory
Defeat
🇵🇱 Burgundians · Poland
629
+18
🇪🇸 Vietnamese · Spain
666
-18
Messi [10]
8:48 Horse Collar
9:16 Loom
9:32 Double-Bit Axe
13:45 Feudal Age
13:28 Gold Mining
14:29 Heavy Plow
16:56 Bow Saw
17:11 Stone Mining
23:17 Castle Age
21:57 Stone Shaft Mining
23:21 Forging
23:51 Gold Shaft Mining
24:53 Iron Casting
25:13 Crop Rotation
26:15 Two-Man Saw
26:22 Two-Man Saw
26:39 Wheelbarrow
28:10 Cavalier
28:53 Husbandry
29:33 Hand Cart
30:30 Burgundian Vineyards
34:30 Scale Barding Armor
37:30 Pikeman
41:41 Imperial Age
41:47 Imperial Age
41:01 Squires
40:49 Arson
42:10 Scale Mail Armor
42:31 Chain Barding Armor
41:50 Halberdier
43:06 Conscription
45:53 Blast Furnace
45:10 Chain Mail Armor
45:50 Paladin
48:41 Plate Mail Armor
48:47 Plate Barding Armor
KOSOVAR
6:07 Loom
10:44 Feudal Age
11:13 Double-Bit Axe
16:07 Horse Collar
21:51 Castle Age
19:50 Gold Mining
20:31 Scale Barding Armor
21:34 Forging
22:38 Bloodlines
25:19 Wheelbarrow
25:14 Heavy Plow
26:44 Hand Cart
27:53 Chatras
30:27 Bow Saw
30:53 Chain Barding Armor
31:39 Husbandry
32:16 Iron Casting
33:57 Devotion
36:39 Imperial Age
36:37 Pikeman
37:17 Squires
37:03 Arson
37:23 Scale Mail Armor
37:59 Plate Barding Armor
37:51 Paper Money
38:10 Block Printing
38:24 Illumination
38:46 Theocracy
38:38 Faith
37:56 Halberdier
39:49 Chain Mail Armor
46:08 Plate Mail Armor
46:53 Two-Man Saw
47:22 Crop Rotation
Connection lost

Rejoining the realm…

Still unreachable

The connection could not be restored.

Session expired

The server has moved on; the page needs a fresh start.